 Dungeon Crawl Stone Soup version 0.16.1-25-gbcee3f8 (webtiles) character file.

11839 linquant the Covert (level 11, -2/58 HPs)
             Began as a Vine Stalker Assassin on May 21, 2015.
             Was a Priest of Elyvilon.
             Slain by a catoblepas (6 damage)
             ... on level 3 of the Lair of Beasts on May 22, 2015.
             The game lasted 02:56:07 (10056 turns).

linquant the Covert (Vine Stalker Assassin)        Turns: 10056, Time: 02:56:08

Health: -2/58      AC: 17    Str: 19    XL:     11   Next: 84%
Magic:  0/18       EV:  2    Int: 11    God:    Elyvilon [***...]
Gold:   868        SH:  0    Dex: 19    Spells: 1 memorised, 11 levels left

rFire  + . .     SeeInvis .     A - +2 rapier (protect)
rCold  . . .     Clarity  .     G - +3 leather armour {rF+}
rNeg   + + +     SustAb   .     (no shield)
rPois  ∞         Gourm    +     B - +2 helmet
rElec  .         Spirit   +     P - +0 cloak
rCorr  .         Warding  .     i - +1 pair of gloves
rMut   .         Stasis   .     (no boots)
MR     +....                    U - amulet of the gourmand
Stlth  +++++.....               O - ring of stealth
                                u - +5 ring of strength

@: petrified, heavily drained, somewhat resistant to hostile enchantments, quite
stealthy
A: fangs 3, regeneration 2, magic shield, antimagic bite, no device heal 3, rot
immunity
a: Lesser Healing, Divine Protection, Heal Other, Purification, Renounce
Religion


You were on level 3 of the Lair of Beasts.
You worshipped Elyvilon.
Elyvilon was most pleased with you.
You were not hungry.

You visited 3 branches of the dungeon, and saw 14 of its levels.

You collected 868 gold pieces.

Inventory:

Hand weapons
 a - a +2 dagger
 b - a +0 blowgun
 s - a +0 blowgun
 A - a +2 rapier of protection (weapon)
 H - a +0 dagger
 R - a +0 rapier
Missiles
 e - 54 poisoned needles
 f - 5 curare-tipped needles
 m - a tomahawk of returning (quivered)
 p - 6 needles of confusion
 T - 2 tomahawks
Armour
 c - a +0 robe
 d - a +0 cloak
 i - a +1 pair of gloves (worn)
 r - a +0 leather armour
 B - a +2 helmet (worn)
 F - a +0 leather armour
 G - a +3 leather armour of fire resistance (worn)
 P - a +0 cloak (worn)
Jewellery
 o - an uncursed ring of protection from cold
 u - a +5 ring of strength (left hand)
 x - an uncursed ring of teleportation
 z - an uncursed amulet of rage
 K - a +2 ring of strength
 O - a ring of stealth (right hand)
 U - an amulet of the gourmand (around neck)
Magical devices
 y - a wand of draining (6)
 L - a wand of polymorph (8)
 M - a wand of digging (0)
 S - a wand of confusion (15)
Scrolls
 h - a scroll of amnesia
 j - a scroll of brand weapon {unknown}
 k - a scroll of recharging
 n - 3 scrolls of remove curse
 t - 2 scrolls of identify
 V - a scroll of torment
Potions
 l - 3 potions of heal wounds
 v - a potion of poison
 w - 4 potions of restore abilities
 C - a potion of flight
Books
 D - a book of Maledictions

   Spells                             Type                      Level
   a - Corona                         Hexes                        1
   b - Sure Blade                     Hexes/Charms                 2
   c - Ensorcelled Hibernation        Hexes/Ice                    2
   d - Confuse                        Hexes                        3
   e - Dazzling Spray                 Conjuration/Hexes            3
   f - Enslavement                    Hexes                        4
 Q - an Akashic Record {highlevel, unknown}

   This book is beyond your current level of understanding.

   Spells                             Type                      Level
   a - Dispersal                      Translocation                6
   b - Controlled Blink               Translocation                7
   c - Malign Gateway                 Summoning/Translocation      7
   d - Disjunction                    Translocation                8
   e - Singularity                    Translocation                9
Miscellaneous
 E - a phantom mirror
Comestibles
 g - 6 bread rations
 q - 3 slices of pizza
 I - a meat ration
 J - 3 beef jerkies


   Skills:
 + Level 6.6(5.3) Fighting
 + Level 7.3(6.0) Short Blades
 + Level 5.4(4.1) Throwing
 + Level 4.0(2.8) Armour
 + Level 9.0(7.6) Dodging
 + Level 10.6(9.1) Stealth
 + Level 1.2(0.0) Spellcasting
 + Level 0.4(0.0) Hexes
 + Level 2.4(1.2) Invocations
 + Level 1.3(0.1) Evocations


You had 11 spell levels left.
You knew the following spells:

 Your Spells              Type           Power        Failure   Level  Hunger
a - Corona                Hex            #......      41%         1    ##.....


Dungeon Overview and Level Annotations

Branches:
Dungeon (10/15)            Temple (1/1) D:5            Lair (3/8) D:10
  Swamp: Lair:3-6    Shoals: Lair:3-6     Snake: Lair:3-6    Spider: Lair:3-6
    Orc: D:9-12

Altars:
Ashenzari
Cheibriados
Dithmenos
Elyvilon
Fedhas
Gozag
Kikubaaqudgha
Makhleb
Nemelex Xobeh
Okawaru
Qazlal
Ru
Sif Muna
Trog
Vehumet
Xom
Yredelemnul
Zin
The Shining One

Annotations:
D:9 Buttershy's ghost, experienced HuFi
Lair:2 Nergalle


Innate Abilities, Weirdness & Mutations

You have razor-sharp teeth.
You heal very quickly.
When hurt, damage is shared between your health and your magic reserves.
Your bite disrupts and absorbs the magic of your enemies.
Potions and wands cannot restore your health.
You are immune to rotting.


Message History

The catoblepas breathes a plume of calcifying dust at you.
The blast of calcifying dust hits you!
You are engulfed in calcifying dust. x2
The catoblepas breathes a plume of calcifying dust at you.
The blast of calcifying dust hits you!
You are engulfed in calcifying dust.
The catoblepas gores you but does no damage.
You are engulfed in calcifying dust.
The catoblepas gores you but does no damage.
You are engulfed in calcifying dust.
The catoblepas gores you but does no damage.
The catoblepas gores you but does no damage.
The catoblepas breathes a plume of calcifying dust at you.
The blast of calcifying dust hits you!
You are engulfed in calcifying dust.
The catoblepas gores you!!
* * * LOW HITPOINT WARNING * * *
You are engulfed in calcifying dust.
The porcupine bites you but does no damage.
The catoblepas gores you!
You die...

#.§§##...#....#
#.Y. ##.8.# .
#... #....###
#.. ##.Y....# #<
#..§<..## #..
#.#.§...#
#..##.#§..##
#...###.8.#
#.§§.@Y...#
###..r.........
..............#
.....#.........#
...####......###
# ..#.8.##
P..#+..# ...#
... .##


You could see a catoblepas and a porcupine.

Vanquished Creatures
  A black mamba (Lair:2)
  A gargoyle (D:10)
  A spiny frog (Lair:1)
  A troll (D:9)
  5 blink frogs (Lair:2)
  21 yaks
  A deep elf fighter (D:6)
  A hungry ghost (D:9)
  6 water moccasins
  3 wargs (D:10)
  An orc warrior (D:10)
  6 porcupines
  4 sky beasts
  4 ogres
  2 black bears (D:8)
  3 ice beasts
  5 crocodiles
  4 centaurs
  7 big kobolds (D:8)
  Duvessa (D:9)
  7 giant frogs
  3 killer bees (D:8)
  A scorpion (Lair:3)
  An electric eel (Lair:1)
  3 wights (D:7)
  A goliath beetle (D:8)
  Dowan (D:9)
  4 crimson imps
  A quasit (D:10)
  6 hounds
  4 jellies
  4 iguanas
  8 orc wizards
  Crazy Yiuf (D:6)
  6 orc priests
  A gnoll shaman (D:6)
  2 giant frog skeletons (D:9)
  2 centaur skeletons
  9 worker ants
  A hound zombie (D:7)
  A mummy (D:7)
  A worker ant zombie (D:8)
  8 adders
  3 gnolls (D:6)
  A shadow imp (D:10)
  4 worms
  An adder skeleton (D:4)
  3 giant geckos
  An ooze (D:3)
  30 orcs
  14 bats
  A bat skeleton (D:4)
  2 bat zombies (D:6)
  3 giant cockroaches
  7 hobgoblins
  22 jackals
  16 kobolds
  6 quokkas
  A giant gecko skeleton (D:4)
  7 giant newts
  A giant spore (D:10)
  11 goblins
  A jackal skeleton (D:6)
  A quokka zombie (D:7)
  10 rats
  A ballistomycete (D:8)
  4 plants (Lair:1)
305 creatures vanquished.

Vanquished Creatures (others)
  An orc wizard (D:10)
  3 giant spores
  A kobold (D:8)
5 creatures vanquished.

Grand Total: 310 creatures vanquished

Notes
Turn   | Place    | Note
--------------------------------------------------------------
     0 | D:1      | linquant, the Vine Stalker Assassin, began the quest for the Orb.
     0 | D:1      | Reached XP level 1. HP: 11/11 MP: 1/1
   133 | D:1      | Reached skill level 5 in Stealth
   276 | D:1      | Reached XP level 2. HP: 15/15 MP: 3/3
   616 | D:2      | Reached skill level 1 in Dodging
   702 | D:2      | Reached XP level 3. HP: 12/18 MP: 2/4
  1235 | D:3      | Found a shimmering altar of Xom.
  1303 | D:3      | Noticed a centaur
  1305 | D:3      | Killed a centaur
  1305 | D:3      | Reached skill level 6 in Stealth
  1305 | D:3      | Reached XP level 4. HP: 23/23 MP: 5/5
  1305 | D:3      | Reached XP level 5. HP: 26/26 MP: 7/7
  1389 | D:3      | Found a white marble altar of Elyvilon.
  2188 | D:3      | Became a worshipper of Elyvilon the Healer
  2308 | D:4      | Reached skill level 1 in Armour
  2316 | D:4      | Found a blossoming altar of Fedhas.
  2416 | D:4      | Gained mutation: You heal very quickly. [vine stalker growth]
  2416 | D:4      | Reached XP level 6. HP: 31/31 MP: 8/8
  2528 | D:4      | Acquired Elyvilon's first power
  2583 | D:4      | Reached skill level 7 in Stealth
  2744 | D:4      | Found a glowing golden altar of the Shining One.
  2859 | D:5      | Entered Level 5 of the Dungeon
  2865 | D:5      | Noticed a water moccasin
  2882 | D:5      | Killed a water moccasin
  2887 | D:5      | Found a staircase to the Ecumenical Temple.
  2934 | Temple   | Entered the Ecumenical Temple
  3284 | D:5      | Reached XP level 7. HP: 29/35 MP: 7/9
  3506 | D:5      | Acquired Elyvilon's second power
  3783 | D:6      | Noticed Crazy Yiuf
  3790 | D:6      | Killed Crazy Yiuf
  4003 | D:6      | Gained mutation: You have razor-sharp teeth. [vine stalker growth]
  4003 | D:6      | Reached XP level 8. HP: 30/40 MP: 11/11
  4034 | D:6      | Noticed a deep elf fighter
  4037 | D:6      | Killed a deep elf fighter
  4037 | D:6      | Reached skill level 8 in Stealth
  4045 | D:6      | Learned a level 1 spell: Corona
  4081 | D:6      | Found a sparkling altar of Nemelex Xobeh.
  4707 | D:7      | Reached skill level 1 in Spellcasting
  4731 | D:7      | Found a deep blue altar of Sif Muna.
  4875 | D:7      | Found a glowing golden altar of the Shining One.
  4981 | D:7      | Reached XP level 9. HP: 34/45 MP: 14/14
  5149 | D:8      | Acquired Elyvilon's third power
  5309 | D:8      | Reached skill level 5 in Short Blades
  5316 | D:8      | Reached skill level 5 in Dodging
  5421 | D:8      | Found a basalt altar of Yredelemnul.
  5839 | D:8      | Reached skill level 9 in Stealth
  5865 | D:8      | Reached skill level 5 in Fighting
  6032 | D:8      | Reached XP level 10. HP: 47/51 MP: 16/16
  6407 | D:9      | Acquired Elyvilon's fourth power
  6420 | D:9      | Noticed Dowan
  6424 | D:9      | Noticed Duvessa
  6445 | D:9      | Killed Duvessa
  6455 | D:9      | Killed Dowan
  7025 | D:9      | Noticed Buttershy's ghost (experienced HuFi)
  7224 | D:10     | Entered Level 10 of the Dungeon
  7252 | D:10     | Found a staircase to the Lair.
  7563 | D:10     | Reached XP level 11. HP: 39/56 MP: 18/18
  7965 | Lair:1   | Entered Level 1 of the Lair of Beasts
  8016 | Lair:1   | Reached skill level 5 in Throwing
  8016 | Lair:1   | Reached skill level 10 in Stealth
  8323 | Lair:1   | Acquired Elyvilon's fifth power
  9145 | Lair:2   | Reached skill level 1 in Invocations
  9351 | Lair:2   | Reached skill level 1 in Evocations
  9485 | Lair:2   | Noticed Nergalle
  9519 | Lair:3   | Noticed a catoblepas
  9970 | Lair:2   | Noticed a seven-headed hydra
 10056 | Lair:3   | Slain by a catoblepas

Action                   |  1- 3 |  4- 6 |  7- 9 | 10-12 || total
-------------------------+-------+-------+-------+-------++-------
Melee: Dagger            |    82 |   150 |       |     6 ||   238
       Rapier            |       |     8 |   425 |   714 ||  1147
 Fire: Blowgun           |       |       |     4 |       ||     4
Throw: Tomahawk          |       |       |    38 |    49 ||    87
 Cast: Corona            |       |       |     1 |     1 ||     2
Invok: Greater Healing   |       |       |       |     6 ||     6
       Divine Protection |       |       |       |     1 ||     1
       Purification      |       |       |       |     3 ||     3
       Lesser Healing    |       |       |       |     2 ||     2
       Divine Vigour     |       |       |       |     1 ||     1
 Abil: Evoke Berserk Rag |       |       |       |     1 ||     1
Evoke: Wand              |       |       |       |     9 ||     9
  Use: Scroll            |     1 |    12 |     2 |    15 ||    30
       Potion            |       |       |     2 |     8 ||    10
 Stab: Sleeping          |     5 |     8 |    10 |    15 ||    38
       Distracted        |       |     1 |     1 |     3 ||     5
  Eat: Chunk             |     1 |       |       |     4 ||     5
       Bread ration      |       |     1 |     2 |     1 ||     4
       Meat ration       |       |     1 |       |     1 ||     2
       Beef jerky        |       |       |       |     3 ||     3
